 Dungeon Crawl Stone Soup version 0.27-a0-1245-g940ed4fa31 (webtiles) character file.

Game seed: 5417317498098223917

33 trckry the Chucker (level 3, -1/45 HPs)
             Began as a Draconian Hunter on June 10, 2021.
             Slain by Robin
             ... wielding a +0 club
              (3 damage)
             ... on level 2 of the Dungeon.
             The game lasted 00:02:20 (1636 turns).

trckry the Chucker (Draconian Hunter)               Turns: 1636, Time: 00:02:21

Health: -1/45      AC:  5    Str: 15    XL:     3   Next: 12%
Magic:  3/3        EV:  9    Int: 11    God:
Gold:   39         SH:  7    Dex: 11    Spells: 2/2 levels left

rFire    . . .     SeeInvis .   a - +0 short sword
rCold    . . .     Faith    .   g - +0 kite shield
rNeg     . . .     Spirit   .   (armour unavailable)
rPois    .         Reflect  .   (helmet restricted)
rElec    .         Harm     .   (no cloak)
rCorr    .         Rampage  .   (no gloves)
Will     .....                  (no boots)
Stlth    ..........             (no amulet)
HPRegen  0.15/turn              (no ring)
MPRegen  0.08/turn              (no ring)

@: berserking, very quick
A: AC +5, unfitting armour, cold-blooded
a: no special abilities


You were on level 2 of the Dungeon.
You visited 1 branch of the dungeon, and saw 2 of its levels.

You collected 39 gold pieces.

Inventory:

Hand Weapons
 a - a +0 short sword (weapon)
Missiles
 b - 6 javelins (quivered)
 c - 2 throwing nets
Armour
 g - a +0 kite shield (worn)
Jewellery
 e - a ring of fire
Potions
 d - a potion of lignification {unknown}
 f - 2 potions of berserk rage


   Skills:
 + Level 2.8 Fighting
 + Level 3.9 Throwing
 + Level 2.2 Dodging
 - Level 0.8 Stealth
 + Level 0.9 Shields


You had 2 spell levels left.
You didn't know any spells.
Your spell library was empty.

Dungeon Overview and Level Annotations

Branches:
Dungeon (2/15)

Altars:

Annotations:
D:2 Robin


Innate Abilities, Weirdness & Mutations

Your plain brown scales are hard. (AC +5)
You cannot fit into any form of body armour.
You are cold-blooded and may be slowed by cold attacks.


Message History

The goblin closely misses you. The goblin hits you with a +0 club.
The goblin closely misses you. You block the goblin's attack.
You take 4 damage, and have 13/30 hp.
You hit the goblin.
You kill the goblin!
Robin hits you with a +0 club. The goblin barely misses you.
Robin hits you with a +0 club.
* * * LOW HITPOINT WARNING * * *
You take 7 damage, and have 6/30 hp.
MASSIVE DAMAGE!!
The goblin hits you but does no damage.
Things that are here:
a +0 club; a goblin corpse The goblin unwields a +0 club.
The goblin wields a +0 hunting sling.
The goblin shoots a stone.
You block the stone.
It was a potion of berserk rage.
A red film seems to cover your vision as you go berserk!
You feel yourself moving faster!
You feel mighty! Robin hits you with a +0 club.
* * * LOW HITPOINT WARNING * * *
You now have 6/45 hp.
Your shield prevents you from hitting Robin.
Robin throws the goblin at you!
You closely miss Robin.
Your tail-slap misses Robin.
The goblin unwields a +0 hunting sling.
The goblin wields a +0 club.
You block the goblin's attack. Robin hits you with a +0 club.
* * * LOW HITPOINT WARNING * * *
You take 2 damage, and have 5/45 hp.
You closely miss the goblin. You puncture the goblin!
You kill the goblin!
You block Robin's attack.
You hit Robin.
Robin is heavily wounded.
Robin hits you with a +0 club.
* * * LOW HITPOINT WARNING * * *
You take 3 damage, and have 2/45 hp.
You hit Robin but do no damage.
Robin is heavily wounded.
Robin hits you with a +0 club.
You die...

## #.. ##
#...######....
#....)<.......
#...##@###....
# #. #g## # ..
#.)#### ...
##..).# .J..
####.# ...g.
#)####..g#.g
#.g†gggg...g
#####.g....#
.....##


You could see Robin.

Vanquished Creatures
  3 ball pythons (D:1)
  A bat (D:1)
  4 endoplasms
  8 goblins (D:2)
  6 hobgoblins
  A kobold (D:1)
  2 rats (D:1)
25 creatures vanquished.

Vanquished Creatures (others)
  A fungus (D:1)
1 creature vanquished.

Grand Total: 26 creatures vanquished

Notes
Turn   | Place    | Note
-------+----------+-------------------------------------------
     0 | D:1      | trckry the Draconian Hunter began the quest for the Orb.
     0 | D:1      | Reached XP level 1. HP: 17/17 MP: 1/1
   564 | D:1      | Found a faded altar of an unknown god.
  1000 | D:1      | Reached XP level 2. HP: 22/25 MP: 2/2
  1536 | D:2      | Noticed Robin
  1620 | D:2      | Reached XP level 3. HP: 21/30 MP: 3/3
  1630 | D:2      | HP: 6/45 [Robin/+0 club (3)]
  1635 | D:2      | HP: 2/45 [Robin/+0 club (3)]
  1636 | D:2      | Slain by Robin

Illustrated notes

Levels and vault maps discovered:
D:1:      dpeg_cavernosity, layout_basic,
          shapermc_ecumenical_altar_mp_ritualfount
D:2:      layout_rooms, serial_shops, nicolae_shop_stone, uniq_robin

Skill      XL: |  1 |
---------------+----+-----
Dodging        | 2 |  2.2
Fighting       | |  2.8
Throwing       | |  3.9
Stealth        | |  0.8
Shields        | |  0.9

Action                   || total
-------------------------++-------
Melee: Short sword       ||    90
       Tailslap          ||    18
  Use: Potion            ||     1
 Stab: Sleeping          ||     3
Armor: Skin              ||    32
Dodge: Dodged            ||    33
Block: Kite shield       ||    27

Table legend: (Time is in decaauts)
 A = Elapsed time spent in this place.
 B = Non-inter-level travel time spent in this place.
 C = Inter-level travel time spent in this place.
 D = Time resting spent in this place.
 E = Time spent auto-exploring this place.
 F = Levels seen in this place.
 G = Mean time per level.
                   A        B        C        D        E       F      G
               +--------+--------+--------+--------+--------+-----+--------+
         Total |   1667 |   1534 |    133 |     31 |   1288 |   2 |  833.5 |
       Dungeon |   1667 |   1534 |    133 |     31 |   1288 |   2 |  833.5 |
               +--------+--------+--------+--------+--------+-----+--------+

Top non-repeatable levels by time:
     D:1: 1502 daAuts
     D:2: 164 daAuts
